 Dungeon Crawl Stone Soup version 0.22-a0-362-g535178c (webtiles) character file.

7 Amnesiac the Magician (level 1, 0/14 HPs)
             Began as a Mummy Wizard on Apr 21, 2018.
             Slain by Jessica (1 damage)
             ... on level 2 of the Dungeon.
             The game lasted 00:00:47 (231 turns).

Amnesiac the Magician (Mummy Wizard)                 Turns: 231, Time: 00:00:47

Health: 0/14       AC:  2    Str: 10    XL:     1   Next: 83%
Magic:  0/5        EV: 12    Int: 17    God:
Gold:   11         SH:  0    Dex: 10    Spells: 7/8 levels left

rFire    x . .     SeeInvis .   e - +0 dagger
rCold    + . .     Gourm    .   (no shield)
rNeg     + + +     Faith    .   a - +0 robe
rPois    ∞         Spirit   .   b - +0 hat
rElec    .         Reflect  .   (no cloak)
rCorr    .         Harm     .   (no gloves)
MR       .....                  (no boots)
Stlth    ++........             (no amulet)
HPRegen  0.04/turn              (no ring)
MPRegen  0.09/turn              (no ring)

@: very slightly contaminated, slowed, very slow
A: no food or potions, fire vulnerability, cold resistance 1, negative energy
resistance 3, torment resistance, unbreathing
a: no special abilities


You were on level 2 of the Dungeon.
You were not hungry.

You visited 1 branch of the dungeon, and saw 2 of its levels.

You collected 11 gold pieces.

Inventory:

Hand Weapons
 e - a +0 dagger (weapon)
Armour
 a - a +0 robe (worn)
 b - a +0 hat (worn)
Scrolls
 c - a scroll of amnesia {!r, unknown}
 d - a scroll of identify {!r, unknown}


   Skills:
 + Level 0.6 Fighting
 * Level 2.0 Dodging
 - Level 1.5 Stealth
 - Level 4.0 Spellcasting
 - Level 0.7 Conjurations
   Level 0.7 Summonings
   Level 0.7 Translocations


You had 7 spell levels left.
You knew the following spells:

 Your Spells              Type           Power        Failure   Level  Hunger
a - Magic Dart            Conj           #...         12%         1    N/A

Dungeon Overview and Level Annotations

Branches:
Dungeon (2/15)

Altars:

Annotations:
D:2 Jessica


Innate Abilities, Weirdness & Mutations

You do not eat or drink.
Your flesh is vulnerable to fire.
You are immune to poison.
Your flesh is cold resistant. (rC+)
You are immune to negative energy. (rN+++)
You are immune to unholy pain and torment.
You can survive without breathing.


Message History

The bat closely misses you. The bat hits you but does no damage.
You hit the bat.
The bat is severely wounded.
The bat closely misses you.
You barely miss the bat.
The bat is severely wounded.
The bat barely misses you. The bat closely misses you.
You closely miss the bat.
The bat is severely wounded.
The bat hits you.
* * * LOW HITPOINT WARNING * * *
Jessica gestures wildly while chanting.
Jessica seems to speed up.
You barely miss the bat.
The bat is severely wounded.
The bat barely misses you.
Jessica mumbles some strange words.
Jessica blinks!
The bat hits you but does no damage.
You hit the bat.
You kill the bat!
Things that are here:
a dagger; a kobold corpse
e - a dagger
Casting: Magic Dart (safe; 12% risk of failure)
Confirm with . or Enter, or press ? or * to list all spells.
Aiming: Magic Dart (safe; 12% risk of failure)
Press: ? - help, Shift-Dir - straight line, f - Jessica
Aim: Jessica, wearing a robe (severely wounded, fast)
The magic dart hits Jessica.
Jessica is almost dead.
Jessica hits you but does no damage.
Unknown command.
Casting: Magic Dart (safe; 12% risk of failure)
Confirm with . or Enter, or press ? or * to list all spells.
You don't have enough magic to cast that spell.
Wield which item (- for none, * to show all)? (? for menu, Esc to quit)
e - a +0 dagger (weapon)
Jessica gestures at you while chanting.
You feel yourself slow down.
You completely miss Jessica.
Jessica is almost dead.
Jessica barely misses you.
Jessica mumbles some strange words.
Jessica blinks!
You start resting.
Casting: Magic Dart (safe; 12% risk of failure)
Confirm with . or Enter, or press ? or * to list all spells.
Aiming: Magic Dart (safe; 12% risk of failure)
Press: ? - help, Shift-Dir - straight line, f/p - Jessica
Aim: Jessica, wearing a robe (severely wounded, fast)
You miscast Magic Dart.
You are very lightly contaminated with residual magic.
Nothing appears to happen.
Jessica barely misses you. Jessica hits you.
* * * LOW HITPOINT WARNING * * *
You closely miss Jessica.
Jessica is severely wounded.
Jessica barely misses you. Jessica closely misses you.
You hit Jessica but do no damage.
Jessica is severely wounded.
Jessica hits you.
* * * LOW HITPOINT WARNING * * *
Jessica looks very angry.
Jessica hits you.
You die...

##.##+#.#
.......# #
#.##'#.# #
#.#§.#.# #
+.'.%#.#
#.#+##.####.#
#......@....#
#.#+##.####@#
#.# #@# +.+
#.# #(# #.#
... ..# #.#
+#.# #. #.#
#.# #.# ..#


You could see Jessica.

Vanquished Creatures
  A giant cockroach (D:1)
  A goblin (D:1)
  2 ball pythons (D:1)
  A bat (D:2)
  A kobold (D:2)
  A rat (D:1)
7 creatures vanquished.

Notes
Turn   | Place    | Note
-------+----------+-------------------------------------------
     0 | D:1      | Amnesiac the Mummy Wizard began the quest for the Orb.
     0 | D:1      | Reached XP level 1. HP: 13/13 MP: 5/5
   192 | D:2      | Noticed Jessica
   231 | D:2      | Slain by Jessica

Vault maps used:
D:1:      lemuel_arrival_cross, minmay_three_crescents
D:2:      minmay_door_path, lemuel_doored_altar, hangedman_glass_teeth,
          uniq_jessica, uniq_natasha, uniq_crazy_yiuf_cottage

Skill      XL: |  1 |
---------------+----+-----
Dodging        | 2 |  2.0
Fighting       | |  0.6
Stealth        | |  1.5
Spellcasting   | |  4.0
Conjurations   | |  0.7
Summonings     | |  0.7
Translocations | |  0.7

Action                   || total
-------------------------++-------
Melee: Unarmed           ||    12
       Dagger            ||     3
 Cast: Magic Dart        ||    16
Armor: Robe              ||     6
Dodge: Dodged            ||    22

Table legend:
 A = Spawn XP
 B = Non-spawn XP
 C = Spawn XP percentage of total XP
 D = Spawn monster count
 E = Non-spawn monster count
 F = Spawn count percentage of total count
 G = Total turns spent on level
                    A         B        C        D         E        F      G
               +---------+---------+-------+---------+---------+-------+---------
         Total |       0 |      10 |   0.0 |       0 |       7 |   0.0 |   231
               +---------+---------+-------+---------+---------+-------+---------
           D:1 |       0 |       8 |   0.0 |       0 |       5 |   0.0 |   187
           D:2 |       0 |       2 |   0.0 |       0 |       2 |   0.0 |    44
               +---------+---------+-------+---------+---------+-------+---------
